 Dungeon Crawl Stone Soup version 0.30-a0-782-ge64f9170bb (webtiles) character file.

Game seed: 16242554680416558993

33999 mopl the Slicer (level 13, -2/86 HPs)
             Began as a Purple Draconian Earth Elementalist on Mar 17, 2023.
             Was a High Priest of Dithmenos.
             Slain by a meliai
             ... wielding a +3 war axe of electrocution
              (19 damage)
             ... on level 3 of the Lair of Beasts.
             The game lasted 00:38:24 (15429 turns).

mopl the Slicer (DrEE)                             Turns: 15429, Time: 00:38:24

Health: -2/86      AC: 12    Str: 12    XL:     13   Next: 39%
Magic:  35/37      EV: 12    Int: 18    God:    Dithmenos [*****.]
Gold:   405        SH:  0    Dex: 11    Spells: 23/35 levels left

rFire   . . .      SeeInvis .    d - +0 dagger
rCold   . . .      Faith    .    (no shield)
rNeg    + + .      Spirit   .    (body armour unavailable)
rPois   +          Reflect  .    (helmet restricted)
rElec   .          Harm     .    o - +0 cloak of Neloiban {+Blink Stlth+}
rCorr   .          Rampage  .    i - +0 pair of gloves
Will    +++..                    B - +1 pair of boots
Stlth   +++++++++                V - amulet of magic regeneration
HPRegen 0.34/turn                m - ring of willpower
MPRegen 0.65/turn                c - ring "Exenois" {rPois rN++ Will+ MP+9 Int-2}

@: wreathed by umbra, studying Short Blades
A: breathe power, AC +8, unfitting armour, cold-blooded
a: Breathe Dispelling Energy, Renounce Religion, Evoke Blink, Shadow Step,
Shadow Form


You were on level 3 of the Lair of Beasts.
You worshipped Dithmenos.
Dithmenos was extremely pleased with you.
You visited 3 branches of the dungeon, and saw 14 of its levels.

You collected 982 gold pieces.
You spent 577 gold pieces at shops.

Inventory:

Hand Weapons
 d - a +0 dagger (weapon)
 E - a +0 short sword of speed
 T - a +4 long sword of freezing
Missiles
 v - 2 curare-tipped darts
 R - 18 poisoned darts
Armour
 i - a +0 pair of gloves (worn)
 o - the +0 cloak of Neloiban (worn) {+Blink Stlth+}
   (You found it on level 2 of the Dungeon)

   +Blink:    It lets you blink.
   Stlth:     It makes you more stealthy.
 u - a +0 kite shield
 B - a +1 pair of boots (worn)
Jewellery
 c - the ring "Exenois" (right hand) {rPois rN++ Will+ MP+9 Int-2}
   (You acquired it on level 1 of the Lair of Beasts)

   [ring of poison resistance]

   Int:       It affects your intelligence (-2).
   rPois:     It protects you from poison.
   rN:        It greatly protects you from negative energy.
   MP:        It affects your magic capacity (+9).
   Will:      It increases your willpower.
 l - an amulet of regeneration
 m - a ring of willpower (left hand)
 C - a ring of ice
 H - a ring of protection from cold
 U - a ring of see invisible
 V - an amulet of magic regeneration (around neck)
Wands
 x - a wand of mindburst (18)
 D - a wand of polymorph (8)
 L - a wand of digging (5)
 M - a wand of flame (20)
 O - a wand of iceblast (7)
Scrolls
 b - 6 scrolls of immolation {unknown}
 e - 2 scrolls of fog {unknown}
 p - 4 scrolls of enchant armour {unknown}
 r - 4 scrolls of vulnerability
 t - 4 scrolls of poison {unknown}
 y - a scroll of amnesia
 z - 6 scrolls of teleportation
 A - 4 scrolls of brand weapon {unknown}
 J - a scroll of silence {!r}
 P - 3 scrolls of magic mapping
 S - 2 scrolls of fear {unknown}
 Y - 4 scrolls of blinking
Potions
 a - 2 potions of magic
 f - 4 potions of heal wounds
 g - 4 potions of haste
 h - 4 potions of brilliance
 j - 5 potions of might
 k - a potion of invisibility
 n - 2 potions of flight
 q - 6 potions of lignification {!q}
 s - 3 potions of resistance
 w - 10 potions of curing {unknown}
 F - a potion of berserk rage {!q}
 G - 7 potions of ambrosia
 N - a potion of cancellation


   Skills:
 + Level 12.8 Short Blades
 - Level 1.7 Dodging
 + Level 11.6 Stealth
 + Level 4.3 Shields
 + Level 11.5 Spellcasting
 + Level 4.2 Conjurations
 + Level 9.4 Transmutations
 + Level 10.8 Earth Magic


You had 23 spell levels left.
You knew the following spells:

 Your Spells              Type           Power      Damage    Failure   Level
a - Sandblast             Erth           98%        2d20      1%          1
i - Irradiate             Conj/Tmut      17%        3d17      12%         5
p - Passwall              Tmut/Erth      38%        N/A       1%          2
t - Petrify               Tmut/Erth      46%        N/A       1%          4

Your spell library contained the following spells:

 Spells                   Type           Power      Damage    Failure   Level
 Stone Arrow              Conj/Erth      74%        3d11      1%          3
 Sublimation of Blood     Necr           10%        N/A       11%         2
 Airstrike                Air            5%         2d(1-17)  56%         4
 Olgreb's Toxic Radiance  Pois           10%        N/A       56%         4
 Summon Lightning Spire   Summ/Air       10%        N/A       56%         4
 Lightning Bolt           Conj/Air       9%         1d21      61%         5
 Ozocubu's Refrigeration  Ice            5%         4d8       100%        7
 Ignition                 Fire           5%         3d4       100%        8


Dungeon Overview and Level Annotations

Branches:
Dungeon (9/15)             Temple (1/1) D:6            Lair (4/5) D:8
 Shoals (0/4) Lair:2        Snake (0/4) Lair:2
  Slime: Lair:4-5       Orc: D:9-12

Altars:
Ashenzari
Cheibriados
Dithmenos
Elyvilon
Fedhas
Gozag
Hepliaklqana
Kikubaaqudgha
Makhleb
Nemelex Xobeh
Okawaru
Ru
Sif Muna
Trog
Uskayaw
Vehumet
Wu Jian
Xom
Yredelemnul
Zin
The Shining One

Shops:
D:6 *

Annotations:
D:5 2 transporters
Lair:1 2 transporters
Lair:2 exclusion: ice statue


Innate Abilities, Weirdness & Mutations

You can breathe bolts of dispelling energy.
Your rich purple scales are hard. (AC +8)
You cannot fit into any form of body armour.
You are cold-blooded and may be slowed by cold attacks.


Message History

You climb downwards.
The meliai hits you with a +3 war axe of electrocution.
The meliai stings you but does no damage.
There is a stone staircase leading up, spattered with blood here.
The meliai hits you with a +3 war axe of electrocution!
You are electrocuted!
The meliai closely misses you.
The meliai hits you with a +3 war axe of electrocution!
The meliai stings you.
You climb upwards.
There is a stone staircase leading down, spattered with blood here.
You are too injured to fight recklessly!
Casting: Petrify (mildly dangerous; 1% risk of failure)
Confirm with . or Enter, or press ? or * to list all spells.
Aiming: Petrify (mildly dangerous; 1% risk of failure)
Press: ? - help, Shift-Dir - straight line, f - meliai
Aim: a meliai, wielding a +3 war axe of electrocution and wearing a +2 robe of positive energy (umbra, chance to affect: 69%)
The meliai is moving more slowly.
The meliai hits you with a +3 war axe of electrocution.
The meliai barely misses you.
The meliai hits you with a +3 war axe of electrocution!
The meliai stings you but does no damage.
Casting: Petrify (mildly dangerous; 1% risk of failure)
Confirm with . or Enter, or press ? or * to list all spells.
Aiming: Sandblast (safe; 1% risk of failure)
Press: ? - help, Shift-Dir - straight line, f/p - meliai
Aim: a meliai, wielding a +3 war axe of electrocution and wearing a +2 robe of positive energy (petrifying slowly, umbra, 100% to hit)
The blast of sand hits the meliai!
The meliai is heavily wounded.
The meliai closely misses you. The meliai barely misses you.
The meliai closely misses you.
The meliai stings you but does no damage.
The meliai hits you with a +3 war axe of electrocution!
* * * LOW HITPOINT WARNING * * *
The meliai stings you.
* * * LOW HITPOINT WARNING * * *
Unknown command.
The meliai hits you with a +3 war axe of electrocution!
* * * LOW HITPOINT WARNING * * *
You are electrocuted!!
You die...

.P.....#....###....###.....###...
......##......'.....##.....###...
##....P##....#.....###.....#.....
#....###...##......####....##...
##....###'.#.#......####.##.##<..
##.....##.#####.....#.##.##.##...
.)....###....#..................P
.................................
................@y>..............
.................................
.................................
.....###..#.#..........###.##....
..##.# #.##..##.......#####......
####.# #..#(###......##.........#
##...# #....##...............P...
..#P.###.....#..................#
..##..##....###......#P.....P#...


You could see a meliai (petrifying).

Vanquished Creatures
  Nessos (Lair:3)
  5 hydras
  A catoblepas (Lair:3)
  3 death yaks
  4 skysharks
  Pikel (D:8)
  7 elephants
  A merfolk siren (Lair:2)
  5 cane toads
  Maurice (D:9)
  4 black mambas
  2 komodo dragons (Lair:2)
  2 rime drakes
  4 kobold demonologists (D:8)
  2 meliai (Lair:4)
  6 polar bears
  A queen bee (D:9)
  6 blink frogs
  Prince Ribbit (D:9)
  Sigmund (D:3)
  5 slime creatures
  2 wyverns
  2 basilisks
  24 yaks
  Eustachio (D:4)
  2 steam dragons (D:8)
  3 nagas (Lair:2)
  14 water moccasins
  3 sky beasts
  2 black bears
  4 orc warriors
  8 ice beasts
  3 ogres
  3 wolves
  4 centaurs
  2 phantoms
  Blork the orc (D:4)
  4 kobold brigands
  A gnoll sergeant (D:9)
  16 bullfrogs
  2 necrophages
  2 scorpions (D:4)
  3 wights (D:7)
  39 killer bees
  2 howler monkeys (D:9)
  8 orc priests
  2 gnoll boudas
  3 hounds
  6 jellies
  4 iguanas
  3 orc wizards
  5 hell rats (Lair:4)
  13 adders
  19 gnolls
  A shadow imp (D:6)
  2 white imps
  An ufetubus (D:6)
  4 worms
  5 dart slugs
  31 orcs
  7 ball pythons
  7 bats
  15 endoplasms
  8 giant cockroaches
  10 hobgoblins
  10 jackals
  3 quokkas
  8 frilled lizards
  9 goblins
  18 kobolds
  6 rats
418 creatures vanquished.

Vanquished Creatures (others)
  27 fungi
  36 plants
  6 toadstools (D:6)
69 creatures vanquished.

Grand Total: 487 creatures vanquished

Notes
Turn   | Place    | Note
-------+----------+-------------------------------------------
     0 | D:1      | mopl the Draconian Earth Elementalist began the quest for
                  | the Orb.
     0 | D:1      | Reached XP level 1. HP: 14/14 MP: 3/3
   112 | D:1      | Reached XP level 2. HP: 20/20 MP: 0/5
   160 | D:1      | Learned a level 2 spell: Passwall
   181 | D:1      | Found a faded altar of an unknown god.
   435 | D:1      | Reached XP level 3. HP: 26/26 MP: 2/6
   530 | D:1      | Reached skill level 2 in Transmutations
  1241 | D:2      | Reached XP level 4. HP: 33/33 MP: 6/8
  1319 | D:2      | Learned a level 4 spell: Petrify
  1568 | D:2      | Identified the +0 cloak of Neloiban {+Blink Stlth+}
  1666 | D:2      | Reached skill level 3 in Spellcasting
  1931 | D:3      | Reached skill level 4 in Earth Magic
  2154 | D:3      | Noticed Sigmund
  2193 | D:3      | Killed Sigmund
  2194 | D:3      | Reached skill level 3 in Transmutations
  2194 | D:3      | Reached XP level 5. HP: 35/38 MP: 5/10
  2194 | D:3      | Reached XP level 6. HP: 42/45 MP: 5/11
  2733 | D:4      | Noticed Blork the orc
  2737 | D:4      | Killed Blork the orc
  2738 | D:4      | Reached skill level 4 in Spellcasting
  2757 | D:4      | Reached skill level 4 in Transmutations
  2757 | D:4      | Reached skill level 5 in Earth Magic
  3091 | D:4      | Your scales start taking on a rich purple colour.
  3091 | D:4      | Reached skill level 5 in Spellcasting
  3091 | D:4      | Reached XP level 7. HP: 27/50 MP: 10/15
  3277 | D:4      | Noticed Eustachio
  3420 | D:4      | Killed Eustachio
  3421 | D:4      | Reached skill level 1 in Short Blades
  3421 | D:4      | Reached skill level 2 in Stealth
  3538 | D:4      | Reached skill level 2 in Short Blades
  3538 | D:4      | Reached skill level 5 in Transmutations
  3718 | D:4      | Reached skill level 6 in Spellcasting
  3743 | D:4      | Reached XP level 8. HP: 57/57 MP: 14/17
  3934 | D:4      | Reached skill level 3 in Short Blades
  3934 | D:4      | Reached skill level 6 in Earth Magic
  3941 | D:4      | Reached skill level 3 in Stealth
  4024 | D:5      | Entered Level 5 of the Dungeon
  4192 | D:5      | Reached skill level 4 in Short Blades
  4336 | D:5      | Found a transporter.
  4516 | D:5      | Found a transporter.
  5281 | D:6      | Reached skill level 5 in Short Blades
  5314 | D:6      | Found a radiant altar of Vehumet.
  5317 | D:6      | Found a hide-covered altar of Uskayaw.
  5325 | D:6      | Found an ornate altar of the Wu Jian Council.
  5328 | D:6      | Found a basalt altar of Yredelemnul.
  5328 | D:6      | Found a shimmering blue altar of Sif Muna.
  5328 | D:6      | Found a sparkling altar of Nemelex Xobeh.
  5328 | D:6      | Found an opulent altar of Gozag.
  5328 | D:6      | Found a shimmering altar of Xom.
  5329 | D:6      | Found a hazy altar of Hepliaklqana.
  5353 | D:6      | Found a staircase to the Ecumenical Temple.
  5369 | D:6      | Reached skill level 4 in Stealth
  5372 | Temple   | Entered the Ecumenical Temple
  5377 | Temple   | Became a worshipper of Dithmenos the Shadowed
  5517 | D:6      | Reached skill level 7 in Spellcasting
  5517 | D:6      | Reached skill level 6 in Transmutations
  5517 | D:6      | Reached XP level 9. HP: 54/62 MP: 19/19
  5614 | D:6      | Found Qaiwylob's Assorted Antiques.
  5617 | D:6      | Bought a scroll labelled BUULOI IHOSHY for 19 gold pieces
  5617 | D:6      | Bought a scroll labelled LUALYM BAIMITI for 19 gold pieces
  5617 | D:6      | Bought a scroll labelled UMIDIETIUZ for 19 gold pieces
  5617 | D:6      | Bought an ivory wand for 76 gold pieces
  5847 | D:6      | Found a bloodstained altar of Trog.
  5849 | D:6      | Found a blossoming altar of Fedhas.
  5850 | D:6      | Found a snail-covered altar of Cheibriados.
  6185 | D:6      | Reached skill level 6 in Short Blades
  6185 | D:6      | Reached skill level 7 in Earth Magic
  6190 | D:6      | Reached * piety under Dithmenos
  6191 | D:6      | Reached skill level 5 in Stealth
  6882 | D:7      | Reached ** piety under Dithmenos
  6883 | D:7      | Reached skill level 7 in Short Blades
  6883 | D:7      | Reached skill level 6 in Stealth
  7069 | D:8      | Found a staircase to the Lair.
  7084 | D:8      | HP: 3/62 [steam dragon (1)]
  7334 | D:8      | Found a sacrificial altar of Ru.
  7338 | D:8      | You fall into a shaft and drop 1 floor!
  7340 | D:9      | Noticed a kobold demonologist
  7365 | D:8      | Reached XP level 10. HP: 63/69 MP: 21/21
  7447 | D:8      | Reached skill level 8 in Spellcasting
  7755 | D:8      | Reached skill level 7 in Transmutations
  7865 | D:9      | Found Ditho's Magic Scroll Emporium.
  7929 | D:9      | Noticed a sixfirhy
  8038 | D:8      | Reached skill level 7 in Stealth
  8055 | D:8      | Reached skill level 8 in Short Blades
  8055 | D:8      | Reached skill level 8 in Earth Magic
  8347 | D:9      | Noticed Prince Ribbit
  8356 | D:9      | Killed Prince Ribbit
  8826 | D:9      | Reached skill level 8 in Stealth
  8843 | D:9      | Noticed Maurice
  8855 | D:9      | Killed Maurice
  8893 | D:9      | Noticed Pikel
  9012 | D:8      | Killed Pikel
  9013 | D:8      | Reached skill level 9 in Spellcasting
  9131 | D:9      | Reached XP level 11. HP: 66/74 MP: 24/24
  9177 | D:9      | Bought a scroll of blinking for 82 gold pieces
  9177 | D:9      | Bought a scroll of noise for 11 gold pieces
  9177 | D:9      | Bought a scroll of teleportation for 33 gold pieces
  9177 | D:9      | Bought a scroll of vulnerability for 44 gold pieces
  9177 | D:9      | Bought a scroll of vulnerability for 44 gold pieces
  9177 | D:9      | Bought a scroll of magic mapping for 82 gold pieces
  9177 | D:9      | Bought a scroll of identify for 22 gold pieces
  9177 | D:9      | Bought a scroll of enchant weapon for 82 gold pieces
  9177 | D:9      | Bought a scroll of identify for 22 gold pieces
  9177 | D:9      | Bought a scroll of identify for 22 gold pieces
  9213 | D:9      | Reached skill level 9 in Short Blades
  9225 | D:9      | Reached *** piety under Dithmenos
  9464 | Lair:1   | Entered Level 1 of the Lair of Beasts
  9493 | Lair:1   | Identified a scroll of acquirement
  9498 | Lair:1   | Acquired the ring "Exenois" {rPois rN++ Will+ MP+9 Int-2}
  9520 | Lair:1   | Found a transporter.
  9601 | Lair:1   | Reached skill level 8 in Transmutations
  9935 | D:8      | Reached skill level 9 in Stealth
 10226 | Lair:1   | Reached skill level 9 in Earth Magic
 10280 | Lair:1   | Found a transporter.
 10305 | Lair:1   | Noticed a swamp dragon
 10312 | Lair:1   | Identified the +0 robe of the Valley {rPois rF+ rC+ Str+3}
 10312 | Lair:1   | Noticed a swamp dragon
 10312 | Lair:1   | Noticed a swamp dragon
 10312 | Lair:1   | Noticed a swamp dragon
 10394 | Lair:1   | Reached skill level 10 in Short Blades
 10948 | Lair:2   | Found a staircase to the Snake Pit.
 11028 | Lair:2   | Noticed a skyshark
 11043 | Lair:2   | Killed a skyshark
 11044 | Lair:2   | Reached skill level 10 in Stealth
 11044 | Lair:2   | Reached skill level 10 in Spellcasting
 11274 | Lair:2   | Found a staircase to the Shoals.
 11296 | Lair:2   | Reached **** piety under Dithmenos
 11325 | Lair:2   | Noticed a skyshark
 11335 | Lair:2   | Killed a skyshark
 11409 | Lair:2   | Reached XP level 12. HP: 81/81 MP: 26/26
 11591 | Lair:2   | Noticed a seven-headed hydra
 11595 | Lair:2   | Identified the +2 helmet of Dadworoh {Dex+2}
 11606 | Lair:2   | Killed a seven-headed hydra
 11607 | Lair:2   | Reached skill level 11 in Short Blades
 11729 | Lair:2   | Learned a level 5 spell: Irradiate
 12088 | Lair:3   | Reached skill level 1 in Shields
 12108 | Lair:2   | Reached skill level 1 in Conjurations
 12295 | Lair:3   | Reached skill level 10 in Earth Magic
 12333 | Lair:3   | Noticed Nessos
 12344 | Lair:3   | Killed Nessos
 12345 | Lair:3   | Reached skill level 11 in Stealth
 12535 | Lair:3   | Reached skill level 2 in Shields
 12535 | Lair:3   | Reached skill level 2 in Conjurations
 12860 | Lair:3   | Reached skill level 12 in Short Blades
 12860 | Lair:3   | Reached skill level 3 in Shields
 12865 | Lair:3   | Reached skill level 11 in Spellcasting
 12865 | Lair:3   | Reached skill level 3 in Conjurations
 13167 | Lair:3   | Noticed a catoblepas
 13175 | Lair:3   | Killed a catoblepas
 13272 | Lair:4   | Reached skill level 9 in Transmutations
 13300 | Lair:4   | Noticed a five-headed hydra
 13309 | Lair:4   | Noticed a five-headed hydra
 13313 | Lair:4   | Killed a five-headed hydra
 13313 | Lair:4   | Reached ***** piety under Dithmenos
 13314 | Lair:4   | Reached XP level 13. HP: 86/86 MP: 28/28
 14471 | Lair:4   | Reached skill level 4 in Shields
 14640 | Lair:4   | Reached skill level 4 in Conjurations
 15429 | Lair:3   | Slain by a meliai

Illustrated notes

Levels and vault maps discovered:
D:1:      dpeg_arrival_water_fire, layout_loops_ring,
          ebering_ecumenical_altar_mist, minmay_misc_feat_room,
          dreamdust_princess_corridor, chequers_garden, minmay_quantized
D:2:      layout_basic, minmay_tiny_reverse_x
D:3:      layout_basic, hex_medium, uniq_sigmund
D:4:      minmay_octagon_keep, layout_cave_pools, serial_park,
          serial_park_square2, serial_park_square1
          [serial_park_minivault_5x5_2], serial_park_tiny_1, serial_park_tiny_1,
          serial_park_square1 [serial_park_minivault_5x5_8],
          minmay_manual_monolith, uniq_blork_the_orc, uniq_eustachio
D:5:      gammafunk_steamed_eel, layout_layer_cave
D:6:      cheibrodos_fertilizer, layout_loops_ring, minitemple,
          minmay_temple_entry_trees, serial_shops, shop_statue,
          eino_small_chamber_without_monster
D:7:      layout_basic, nrook_campfire, minmay_curled_crystal
D:8:      layout_rooms, nicolae_ru_path_of_blood
D:9:      layout_rooms, serial_shops, shop, special_room [special_room_bee],
          uniq_prince_ribbit1, uniq_maurice, uniq_pikel
Temple:   hellmonk_temple_micro_hex
Lair:1:   gammafunk_cloud_chamber, layout_gridlike, beast_lair_carwin_1
Lair:2:   layout_small_grid, minmay_shoals_entry_lonely_mermaid,
          nicolae_snake_entry_squirm, ice2_lemuel, grunt_megastairs_4
Lair:3:   layout_regular_city, uniq_nessos
Lair:4:   regret_index_harrowing_hell_hive, layout_long_grid, st_stairs_11

Skill      XL: |  1  2  3  4  5  6  7  8  9 10 11 12 13 |
---------------+----------------------------------------+-----
Transmutations | 2 3 4 5 6 7 8 9 |  9.4
Spellcasting   | 3 5 6 7 9 10 11 | 11.5
Earth Magic    | 4 5 6 7 8 9 10 | 10.8
Short Blades   | 2 5 7 8 10 12 | 12.8
Stealth        | 2 4 6 8 10 11 | 11.6
Shields        | 3 4 |  4.3
Conjurations   | 3 4 |  4.2
Dodging        | |  1.7

Action                     |  1- 3 |  4- 6 |  7- 9 | 10-12 | 13-15 || total
---------------------------+-------+-------+-------+-------+-------++-------
  Melee: Unarmed           |     5 |       |       |       |       ||     5
         Tailslap          |     5 |     6 |     6 |    21 |    18 ||    56
         Dagger            |    28 |    38 |    31 |   119 |    86 ||   302
         Punch             |       |       |     2 |     2 |     2 ||     6
         Short sword       |       |       |    29 |     1 |       ||    30
  Throw: Dart              |       |       |       |     3 |       ||     3
   Cast: Sandblast         |    58 |    89 |   236 |   279 |    26 ||   688
         Petrify           |       |     2 |    10 |    78 |   111 ||   201
         Passwall          |       |       |       |     3 |     3 ||     6
         Irradiate         |       |       |       |     3 |     2 ||     5
Ability: Breathe Dispellin |       |       |     2 |       |       ||     2
         Evoke Blink       |       |       |       |       |     1 ||     1
    Use: Scroll            |       |       |     1 |    15 |       ||    16
   Stab: Petrified         |       |    19 |    23 |    56 |    30 ||   128
         Sleeping          |       |     1 |       |    19 |     1 ||    21
         Petrifying        |       |       |       |     6 |    11 ||    17
 Armour: Skin              |    29 |    41 |    88 |   140 |    48 ||   346
  Dodge: Dodged            |    38 |    64 |   189 |   299 |   139 ||   729

Table legend: (Time is in decaauts)
 A = Elapsed time spent in this place.
 B = Non-inter-level travel time spent in this place.
 C = Inter-level travel time spent in this place.
 D = Time resting spent in this place.
 E = Time spent auto-exploring this place.
 F = Levels seen in this place.
 G = Mean time per level.
                   A        B        C        D        E       F      G
               +--------+--------+--------+--------+--------+-----+--------+
         Total |  15707 |  14898 |    809 |   3584 |   7236 |  14 | 1121.9 |
       Dungeon |   9973 |   9677 |    296 |   2349 |   5026 |   9 | 1108.1 |
        Temple |     10 |      5 |      5 |      0 |      0 |   1 |   10.0 |
          Lair |   5723 |   5216 |    507 |   1235 |   2209 |   4 | 1430.8 |
               +--------+--------+--------+--------+--------+-----+--------+

Top non-repeatable levels by time:
  Lair:3: 2042 daAuts
     D:8: 1913 daAuts
  Lair:2: 1348 daAuts
     D:5: 1258 daAuts
  Lair:1: 1215 daAuts
     D:4: 1183 daAuts
  Lair:4: 1117 daAuts
     D:3: 1105 daAuts
     D:1: 1060 daAuts
     D:6: 1056 daAuts
     D:9: 836 daAuts
     D:7: 784 daAuts
     D:2: 775 daAuts
  Temple: 10 daAuts
